 Dungeon Crawl Stone Soup version 0.16.1-4-g8e1b745 (console) character file.

1053 mauris the Chiller (level 7, 0/52 HPs)
             Began as a Demigod Summoner on Mar 27, 2015.
             Slain by an unseen horror (4 damage)
             ... on level 7 of the Dungeon.
             The game lasted 00:15:29 (7180 turns).

mauris the Chiller (Demigod Summoner)               Turns: 7180, Time: 00:15:29

Health: 0/52       AC:  7    Str: 15    XL:     7   Next: 76%
Magic:  18/18      EV: 13    Int: 19    God:
Gold:   474        SH:  0    Dex: 16    Spells: 3 memorised, 4 levels left

rFire  . . .     SeeInvis .     a - +3 dagger (venom)
rCold  + . .     Clarity  .     u - +1 robe {2}
rNeg   . . .     SustAb   +     (no shield)
rPois  .         Gourm    +     (no helmet)
rElec  .         Spirit   .     (no cloak)
rCorr  .         Warding  .     f - +1 pair of gloves
rMut   .         Stasis   .     h - +1 pair of boots
MR     +....                    p - amulet of the gourmand
Stlth  ++........               x - ring of protection from magic
                                o - ring of protection from cold

@: very slightly contaminated, hasted, very quick, somewhat resistant to hostile
enchantments, unstealthy
A: sustain abilities
a: no special abilities


You were on level 7 of the Dungeon.
You were full.

You visited 1 branch of the dungeon, and saw 7 of its levels.

You collected 474 gold pieces.

Inventory:

Hand weapons
 a - a +3 dagger of venom (weapon)
Armour
 f - a +1 pair of gloves (worn)
 h - a +1 pair of boots (worn)
 u - a +1 robe (worn) {2}
Jewellery
 d - an uncursed amulet of resist corrosion
 o - a ring of protection from cold (left hand)
 p - an amulet of the gourmand (around neck)
 s - an uncursed ring of fire
 t - an uncursed ring of loudness
 x - a ring of protection from magic (right hand)
 C - the amulet of Enaoh {Faith +Inv rElec Int-3}
   (You found it on level 4 of the Dungeon)

   [amulet of faith]

   It allows you to gain divine favour quickly.
   It affects your intelligence (-3).
   It insulates you from electricity.
   It lets you turn invisible.
 D - an uncursed ring of invisibility
Scrolls
 i - a scroll of fear
 j - 3 scrolls of teleportation {@r4}
 l - a scroll of enchant armour
 n - a scroll of noise {!r}
 y - a scroll of blinking
 G - a scroll of identify {@r1}
 I - a scroll of amnesia {unknown}
 K - a scroll of fog {unknown}
 L - a scroll of remove curse
Potions
 k - a potion of flight
 q - a potion of might
 w - a potion of magic
 z - a potion of ambrosia {unknown}
 A - a potion of degeneration {!q}
 E - 2 potions of agility {unknown}
 H - 2 potions of resistance {unknown}
 J - a potion of mutation {unknown}
Books
 b - a book of Callings

   Spells                             Type                      Level
   a - Summon Small Mammal            Summoning                    1
   b - Call Imp                       Summoning                    2
   c - Call Canine Familiar           Summoning                    3
   d - Summon Guardian Golem          Hexes/Summoning              4
   e - Summon Lightning Spire         Summoning/Air                4
   f - Summon Ice Beast               Ice/Summoning                4
 F - a book of Battle

   Spells                             Type                      Level
   a - Infusion                       Charms                       1
   b - Shroud of Golubria             Charms/Translocation         2
   c - Song of Slaying                Charms                       2
   d - Spectral Weapon                Hexes/Charms                 3
   e - Regeneration                   Charms/Necromancy            3
Comestibles
 c - 9 bread rations
 r - 6 meat rations
 B - 2 royal jellies


   Skills:
 - Level 1.0 Fighting
 - Level 1.5 Short Blades
 - Level 2.1 Dodging
 - Level 1.8 Stealth
 - Level 2.8 Spellcasting
 + Level 5.5 Summonings
 + Level 6.3 Ice Magic


You had 4 spell levels left.
You knew the following spells:

 Your Spells              Type           Power        Failure   Level  Hunger
a - Summon Small Mammal   Summ           ###.         1%          1    None
b - Call Imp              Summ           ###.....     2%          2    ##.....
c - Summon Ice Beast      Ice/Summ       ####....     14%         4    ####...


Dungeon Overview and Level Annotations

Branches:
Dungeon (7/15)             Temple (0/1) D:4


Innate Abilities, Weirdness & Mutations

Your attributes are resistant to harm.


Message History

Something hits you!
* * * LOW HITPOINT WARNING * * *
Huge Dmg: -13%(-7hp) hp: 12%(6hp) Drink which item? (? for menu, Esc to quit)
You feel better. Something hits you!
* * * LOW HITPOINT WARNING * * *
Drink which item? (? for menu, Esc to quit)
You feel better. Something hits you.
* * * LOW HITPOINT WARNING * * *
Drink which item? (? for menu, Esc to quit)
You feel yourself speed up.
You are very lightly contaminated with residual magic.
Something barely misses you.
There is a fountain of clear blue water here.
Something hits you.
* * * LOW HITPOINT WARNING * * *
Huge Dmg: -10%(-5hp) hp: 8%(4hp)
You see here a club.
Something hits you.
You die...

##..## ##..## ##.......
##..## #..## #.....#
##..# #####..## ##....#
#..# #.......# #.....#
#..# #'#..##.# ##..#..#
####..# ##.#.# #.##
##.####.# ..#..##
##..#####..###.## ..#
.....#
####........)..##.# #..
....##
#.'...}..@).}...'.# ..
.0..#
#.##...........#### ..
_...####..##..#####..##
. (00###....###.# #.##
. .).......## #.# ###'#
........## #.###...#
.....?### #......##
....### #####..## ..###
#?..##


There were no monsters in sight!

Vanquished Creatures
  A hippogriff (D:7)
  2 centaurs (D:6)
  A scorpion (D:3)
  A hound (D:4)
  3 orc wizards
  3 worker ants
  A hound zombie (D:5)
  A hound skeleton (D:7)
  A worker ant zombie (D:5)
  3 adders
  A giant mite (D:5)
  A worm (D:2)
  A giant gecko (D:5)
  7 orcs
  6 bats
  A bat skeleton (D:5)
  4 giant cockroaches
  4 hobgoblins
  7 jackals
  6 kobolds
  2 quokkas
  4 giant newts
  5 goblins
  11 rats
77 creatures vanquished.

Vanquished Creatures (collateral kills)
  A spriggan (D:7)
  A big kobold (D:7)
  2 ogres
  3 giant frogs
  A scorpion (D:6)
  2 hounds
  A giant frog skeleton (D:7)
  A worker ant zombie (D:5)
  3 adders
  A worm (D:3)
  3 giant geckos
  6 orcs
  6 bats
  4 giant cockroaches
  9 goblins
  6 hobgoblins
  8 jackals
  9 kobolds
  2 quokkas
  5 giant newts
  2 rats
76 creatures vanquished.

Vanquished Creatures (others)
  2 ice beasts (D:7)
  10 quokkas
  2 bats (D:3)
  3 kobolds (D:7)
  7 rats
24 creatures vanquished.

Grand Total: 177 creatures vanquished

Notes
Turn   | Place    | Note
--------------------------------------------------------------
     0 | D:1      | mauris, the Demigod Summoner, began the quest for the Orb.
     0 | D:1      | Reached XP level 1. HP: 14/14 MP: 3/3
   305 | D:1      | Huge Dmg: 5 dmg
   306 | D:1      | Huge Dmg: 5 dmg
   309 | D:1      | Reached XP level 2. HP: 5/20 MP: 0/5
  1477 | D:2      | Huge Dmg: 5 dmg
  1478 | D:2      | Huge Dmg: 4 dmg
  1492 | D:2      | Reached skill level 1 in Short Blades
  1645 | D:2      | Huge Dmg: 6 dmg
  1651 | D:2      | Reached skill level 1 in Fighting
  1651 | D:2      | Reached XP level 3. HP: 19/28 MP: 4/8
  2023 | D:2      | Found a glowing silver altar of Zin.
  2290 | D:3      | Reached skill level 4 in Summonings
  2306 | D:2      | Learned a level 2 spell: Call Imp
  2417 | D:3      | Reached XP level 4. HP: 31/35 MP: 3/10
  2507 | D:3      | Found a deep blue altar of Sif Muna.
  2654 | D:3      | Learned a level 4 spell: Summon Ice Beast
  2915 | D:3      | Reached skill level 1 in Ice Magic
  2929 | D:3      | Found a blossoming altar of Fedhas.
  3194 | D:4      | Reached XP level 5. HP: 38/40 MP: 10/13
  3219 | D:4      | Found a burning altar of Makhleb.
  3390 | D:4      | Got a coiled bronze amulet
  3490 | D:4      | Found a stormy altar of Qazlal.
  3598 | D:4      | Found a staircase to the Ecumenical Temple.
  3770 | D:5      | Entered Level 5 of the Dungeon
  3781 | D:5      | Huge Dmg: 7 dmg
  3804 | D:4      | Huge Dmg: 4 dmg
  4078 | D:5      | Identified the amulet of Enaoh {Faith +Inv rElec Int-3} (You found it on level 4 of the Dungeon)
  4549 | D:5      | Noticed an ogre
  4556 | D:5      | Killed an ogre
  4556 | D:5      | Reached XP level 6. HP: 47/47 MP: 8/15
  4569 | D:5      | Found a glowing golden altar of the Shining One.
  4612 | D:5      | Found an iron altar of Okawaru.
  4997 | D:6      | Found a shadowy altar of Dithmenos.
  5216 | D:6      | Reached skill level 5 in Ice Magic
  5381 | D:6      | Found an opulent altar of Gozag.
  5435 | D:6      | Found a sacrificial altar of Ru.
  5612 | D:6      | Reached XP level 7. HP: 52/52 MP: 18/18
  5839 | D:7      | Found a radiant altar of Vehumet.
  5844 | D:7      | Found a stormy altar of Qazlal.
  5877 | D:7      | Noticed a spriggan baker
  5879 | D:7      | Killed a spriggan baker
  5960 | D:7      | Reached skill level 5 in Summonings
  6170 | D:7      | Huge Dmg: 10 dmg
  6181 | D:7      | Huge Dmg: 9 dmg
  6182 | D:7      | Huge Dmg: 8 dmg
  6472 | D:7      | Reached skill level 6 in Ice Magic
  6623 | D:7      | Huge Dmg: 12 dmg
  6966 | D:7      | Huge Dmg: 21 dmg
  7099 | D:7      | Huge Dmg: 12 dmg
  7113 | D:7      | Huge Dmg: 9 dmg
  7114 | D:7      | Huge Dmg: 5 dmg
  7116 | D:7      | Huge Dmg: 7 dmg
  7118 | D:7      | Huge Dmg: 12 dmg
  7171 | D:7      | Huge Dmg: 20 dmg
  7174 | D:7      | Huge Dmg: 7 dmg
  7179 | D:7      | Huge Dmg: 5 dmg
  7180 | D:7      | Slain by an unseen horror

Action                   |  1- 3 |  4- 6 |  7- 9 || total
-------------------------+-------+-------+-------++-------
Melee: Unarmed           |    11 |       |       ||    11
       Dagger            |   107 |   131 |    47 ||   285
 Cast: Summon Small Mamm |    73 |     1 |       ||    74
       Call Imp          |     2 |    43 |       ||    45
       Summon Ice Beast  |       |    13 |    18 ||    31
  Use: Scroll            |     4 |    15 |     2 ||    21
       Potion            |       |     1 |     6 ||     7
 Stab: Sleeping          |       |     3 |     1 ||     4
  Eat: Chunk             |     5 |    26 |     8 ||    39

Vault maps used:
D:1:      dpeg_arrival_renting
D:2:      lemuel_upstairs_altar, nicolae_overflow_hidden_temple, minmay_cupped
D:3:      lemuel_coloured_pillars_altar, led_sif_pool, corexii_hall_statues_x
D:4:      kennysheep_little_box, makhleb_blood_cavern_becter, temple_hall,
          first_bread
D:5:      okawaru_ov_weapons_minmay, old_standard_altar
D:6:      nicolae_ru_the_path_less_chosen, nicolae_gozag_seed_capital,
          minmay_tree_intersection, grunt_dithmenos_smoke
D:7:      fiery_altar_vehumet, the_bakery, grunt_ministairs_15,
          grunt_qazlal_sundering
